[Event "FIDE World School-ch O-17 2025"]
[Site "Vrnjacka Banja"]
[Date "2025.03.24"]
[Round "5.1"]
[White "Yildiz, Egehan"]
[Black "Bogdanov, Artyom"]
[Result "1/2-1/2"]
[Annotator "TA"]
[ECO "A07"]
[WhiteElo "2204"]
[BlackElo "2373"]
[PlyCount "106"]
[EventDate "2025.03.19"]
[EventType "swiss"]
[EventCountry "SRB"]
[SourceTitle "playchess.com"]
[Source "ChessBase"]
[SourceQuality "1"]
[TimeControl "5400+30"]

1. Nf3 Nf6 2. g3 d5 3. Bg2 c6 4. O-O h6 5. c4 dxc4 (5... Bf5 $11) 6. a4 {[%emt 0:09:29] A07: Réti Opening: New York and Capablanca Systems.} (6. Qc2 $14) 6... Be6 $11 7. Na3 g6 8. Qc2 {[%emt 0:03:21][%mdl 1024] White has compensation.} Qd5 (8... Bg7 $11) 9. Nh4 $146 (9. Ne1 Qf5 10. e4 Qc5 11. Nd3 Qd4 12. Nf4 Bg4 13. Qxc4 Qxc4 14. Nxc4 g5 15. f3 gxf4 16. fxg4 fxg3 17. h3 {½-½ Bondarenko,V (2325)-Denishev,M (2028) Vladimir op-B 2009 (6)}) 9... Qd4 10. Nf3 {[%emt 0:01:52] White sacrificed a pawn} Qd5 11. Nh4 (11. h4 $14) 11... Qd4 $1 12. Nf3 Qg4 (12... Qd5 $1 $11 {keeps the balance.}) 13. h3 (13. Ne5 $16 Qxe2 14. Naxc4) 13... Qf5 14. Qxf5 Bxf5 15. Nxc4 Bg7 16. d3 O-O 17. Bd2 Be6 18. Rfc1 Bd5 19. Rab1 Rc8 20. Bb4 c5 21. Ba3 Nbd7 (21... Na6 $11) 22. Ne3 (22. b4 $5) 22... Bc6 23. b3 (23. Bxc5 Bxf3 (23... Bxa4 24. Bxe7 Bc6 25. Nd2 $16) 24. Bxe7 Bc6 (24... Bxe2 $2 25. Re1 $19) 25. Bxc6 bxc6 $17 (25... Rxc6 26. Rxc6 bxc6 27. Rc1 $17)) 23... b6 24. Nd2 Bxg2 25. Kxg2 Ne5 26. b4 cxb4 27. Bxb4 (27. Rxc8+ Rxc8 28. Bxb4 e6 $16) 27... e6 28. Bc3 Nfd7 29. Ne4 f5 ({Black should play} 29... g5 $14) 30. Nd6 $16 {[%emt 0:01:13][%cal Od3d4] [#]} Rc6 31. Nb5 Rcc8 32. f4 Nf7 (32... Nc6 $16 33. Bxg7 Kxg7) 33. Bxg7 $18 Kxg7 34. Rxc8 (34. Nc7 $18 {is more deadly.} Rab8 35. Nxe6+ Kh8 36. Kf2) 34... Rxc8 $16 35. Nxa7 Ra8 36. Nb5 {[%emt 0:00:00] and Nc7 should not be overlooked} Rxa4 37. Nc4 Kf6 38. Nd4 Ra6 39. Rb5 Ke7 40. Nc6+ Ke8 41. Kf3 {[%emt 0:00:32] White is much more active.} g5 42. e4 ({White should try} 42. Kg2 $16) 42... fxe4+ $1 $11 43. dxe4 Ra4 44. Nb4 gxf4 45. gxf4 Ra8 46. e5 ({Reject} 46. Nxb6 Ra3+ 47. Kg2 Nd6 $17) 46... Rc8 {[%emt 0:00:25] The position is equal.} 47. Ne3 Rc3 48. Na2 Ra3 49. Nc1 Nd8 50. Ne2 Nc6 51. Rb1 Kf7 52. Kf2 Ra2 53. Kf3 Ra3 {[%emt 0:02:08] Weighted Error Value: White=0.17 (very precise) /Black=0.17 (very precise)   Mistake:       	White=4     	Black=5      Inaccurate:     	White=3     	Black=3      OK:         	White=17    	Black=19     Best:        	White=3     	Black=2      Strong:       	---       	Black=2} 1/2-1/2

[Event "FIDE World School-ch O-17 2025"]
[Site "Vrnjacka Banja"]
[Date "2025.03.24"]
[Round "5.2"]
[White "Elmirzaev, Khondamir"]
[Black "Topuz, Mirac Melih"]
[Result "1/2-1/2"]
[Annotator "TA"]
[ECO "A87"]
[WhiteElo "2036"]
[BlackElo "2113"]
[PlyCount "130"]
[EventDate "2025.03.19"]
[EventType "swiss"]
[EventCountry "SRB"]
[SourceTitle "playchess.com"]
[Source "ChessBase"]
[SourceQuality "1"]
[TimeControl "5400+30"]

1. d4 f5 2. g3 Nf6 3. Bg2 g6 4. Nf3 Bg7 5. O-O O-O 6. c4 d6 7. Nc3 Qe8 8. Rb1 {[%emt 0:02:15] A87: Dutch Defence: Leningrad System: 5 Nf3.} a5 9. b3 c6 10. Bb2 $146 {[%emt 0:00:57] White is slightly better.} (10. d5 Na6 11. Na4 Ne4 12. Bb2 e5 13. dxe6 Bxe6 14. Bxg7 Kxg7 15. Nc3 Nac5 16. Qd4+ Kg8 {1-0 Mulyar,M (2366)-Shamatava,A (2155) Continental op 51st 2021 (3)}) 10... h6 11. Re1 g5 12. d5 c5 13. e4 ({Better is} 13. e3 $16) 13... fxe4 $14 14. Nd2 e3 15. Rxe3 Ng4 $1 16. Rf3 Ne5 17. Rxf8+ Qxf8 18. Nce4 (18. Be4 $16) 18... Bf5 19. Qe2 Nbd7 20. a4 Qf7 21. Rf1 Rf8 22. Kh1 g4 23. Bc3 Qh5 24. h4 b6 25. Qe3 Bh8 26. Re1 Bg7 27. Kg1 Rf7 28. Ba1 Ng6 29. Bxg7 Kxg7 30. Nc3 Nde5 31. Ne2 Bd7 32. Bh1 (32. Be4 $11) 32... Nf3+ $1 $19 33. Nxf3 gxf3 34. Nc1 {[%emt 0:00:28] [#]} Nxh4 $1 35. Nd3 (35. gxh4 Qg4+ 36. Kf1 Qh3+ 37. Kg1 Kh7 (37... Qxh4 $2 38. Bxf3 Qh3 39. Be4 $18)) (35. Qc3+ Kg8) 35... Ng6 36. Qd2 {[%emt 0:00:57] [#]} Bg4 (36... Bf5 $1 $19 {[%cal Rf5d3] has better winning chances.} 37. Nf4 Nxf4 38. Qxf4 Bg4) 37. Qe3 (37. Re3 $17) 37... Qh3 38. Qe4 h5 39. Re3 h4 $2 (39... Bf5 $17 40. Nf4 Nxf4 41. Qxf4 Bg6) 40. Nf4 $2 (40. Bxf3 $11 Bf5 41. Bg2 Bxe4 42. Bxh3 Bxd3 43. Rxd3) 40... Nxf4 41. gxf4 Kg8 $2 ({Black should try} 41... Kh8 $19 42. Rxf3 Bxf3 43. Bxf3 Rg7+ 44. Bg2 Qg4 (44... Qxb3 $2 45. Qf5 $19) (44... Rg4 $2 45. Kf1 $19)) 42. Qg6+ $11 Kf8 (42... Rg7 $5 43. Qe8+ $8 Kh7 44. Rxe7 Bc8+ 45. Rxg7+ Kxg7 $16) 43. Qh6+ Ke8 44. Qh8+ (44. Qxd6 Bf5 45. Qe5 (45. Qxb6 $2 Rg7+) (45. Qc6+ $2 Kf8 $19) 45... Qg4+ 46. Kf1 Qxf4 (46... Qh3+ 47. Kg1 $11) 47. Qxf4 Bh3+ 48. Ke1 Rxf4 49. Bxf3 Bf5 $15) (44. f5 $5 Kd8 (44... Bxf5 $2 45. Bxf3 Bc2 46. Bh5 $18) (44... Rxf5 45. Qxd6 Rf7 46. Qe5 $11) 45. f6 Rxf6 46. Qg7 $18) 44... Kd7 45. Qg8 {[%emt 0:00:32] Really sharp!} Bh5 $36 {[%emt 0:00:25][%mdl 2048] White is under pressure.} 46. Qg5 {[%emt 0:00:16] Prevents Rf6} Qg4+ 47. Qxg4+ Bxg4 48. Bxf3 Rxf4 49. Bxg4+ Rxg4+ $15 {[%emt 0:00:10][%mdl 4096] Endgame KR-KR. Black is a pawn up.} 50. Kh2 Rf4 51. f3 Rf6 (51... Rd4 $15) 52. Kh3 $11 e6 53. dxe6+ Rxe6 54. Rxe6 Kxe6 55. Kxh4 d5 56. cxd5+ {[%emt 0:00:07][%mdl 8192] [#]} (56. f4 $11) 56... Kxd5 $2 {[%emt 0:00:01] K3P-K3P} (56... Kd7 $1 $19 {[%cal Ob6b5] and ...b5! should not be overlooked} 57. Kg5 b5 (57... Kd6 $2 58. f4 $18) 58. axb5 c4) 57. f4 {[%emt 0:00:38] The position is equal.} b5 58. axb5 {[%emt 0:00:20] Strongly threatening f5.} a4 59. bxa4 {[%emt 0:00:40] KP-KP. White is two pawns up.} c4 60. a5 Kc5 {[%emt 0:01:31][%cal Oc4c3] ( -> ...c3!)} 61. b6 (61. a6 $5 Kb6 $8 62. f5 $11) 61... Kc6 {[%emt 0:00:09] ( -> ...c3)} 62. f5 c3 {[%emt 0:00:02] ( -> ...c2)} 63. f6 c2 64. f7 c1=Q 65. f8=Q {[%emt 0:00:05] White wants to mate with Qc8+. Dodges Qf4+} (65. f8=R Qh6+ 66. Kg3 Qxf8 67. b7 Kxb7 68. Kh3 Kc6 69. Kg3 Kd5 (69... Qa3+ {gets mated.} 70. Kg4 Qxa5 71. Kg3 Qe1+ 72. Kg4 Kd5 73. Kg5 Qe5+ 74. Kh4 Ke4 75. Kg4 Qg7+ 76. Kh4 Kf4 77. Kh5 Qh7#) 70. a6 Ke4 71. a7 Qa3+ 72. Kf2 Qxa7+ 73. Kg2 Qe3 74. Kf1 Qd2 75. Kg1 Kf3 76. Kh1 Qg2#) 65... Qe1+ {[%emt 0:00:30] Weighted Error Value: White=0.35/Black=0.37  Loses game:     	White=3     	---        Missed win:     	---       	Black=1      Mistake:       	White=3     	Black=3      Inaccurate:     	White=5     	Black=4      OK:         	White=23    	Black=18     Best:        	White=5     	Black=3      Strong:       	---       	Black=2      Brilliant:      	---       	Black=1} 1/2-1/2

[Event "FIDE World School-ch O-17 2025"]
[Site "Vrnjacka Banja"]
[Date "2025.03.24"]
[Round "5.3"]
[White "Kazhmuratov, Altair"]
[Black "Milanovic, Marko"]
[Result "1-0"]
[Annotator "TA"]
[ECO "C85"]
[WhiteElo "1971"]
[BlackElo "2271"]
[PlyCount "111"]
[EventDate "2025.03.19"]
[EventType "swiss"]
[EventCountry "SRB"]
[SourceTitle "playchess.com"]
[Source "ChessBase"]
[SourceQuality "1"]
[TimeControl "5400+30"]

1. e4 e5 2. Nf3 Nc6 3. Bb5 a6 4. Ba4 Nf6 5. O-O Be7 6. Bxc6 dxc6 7. d3 Bd6 8. Nbd2 Be6 {[%emt 0:05:45] C85: Closed Ruy Lopez: Deferred Exchange Variation.} 9. d4 Nd7 10. Re1 $146 (10. dxe5 Nxe5 11. Nxe5 Bxe5 12. f4 Bd4+ 13. Kh1 f5 14. Qe2 O-O 15. Nf3 Bf6 16. e5 {0-1 Dragnev,V (2589)-Andersen,M (2612) EU-chT 24th Budva 2023 (9.14)}) 10... Qe7 {[%emt 0:11:00] The position is equal.} 11. dxe5 Nxe5 12. Nxe5 Bxe5 13. Nf3 Bd6 14. e5 Bc5 15. Bg5 Qd7 16. Qe2 O-O 17. Rad1 Qc8 18. Nd4 Bg4 {[%emt 0:06:25] A strong pair of Bishops.} 19. f3 Bf5 20. g4 Be6 21. Kg2 Re8 (21... Bxd4 22. Rxd4 b5 23. a3 Re8) 22. a3 Bd5 23. Nf5 {[%emt 0:02:14] [#]} Qe6 {[%emt 0:03:12] Black is weak on the dark squares} 24. Qd2 h6 25. Bh4 Qg6 26. h3 (26. Ng3 {simplifies} Qxg4 27. Qxd5 Qxg3+ 28. Bxg3 cxd5 29. Rxd5 Bb6 30. Red1) 26... b5 27. Qc3 Bf8 28. Ne3 Qe6 29. Nxd5 cxd5 {[%emt 0:00:02] [#]} 30. Qd3 (30. Qxc7 Rac8 31. Qa5 Rxc2+ 32. Rd2 Rec8 $11) (30. f4 $1 $16) 30... g5 $11 31. Bg3 Rad8 32. h4 c5 33. hxg5 hxg5 34. Rh1 Qg6 35. Qf5 {[%emt 0:02:18] White is more active.} ({Better is} 35. Rh5 $16) 35... Bg7 36. Rde1 d4 37. Rh5 $36 {[%emt 0:01:01][%mdl 2048] White fights for an advantage.} Qxf5 38. gxf5 f6 39. e6 Rd5 40. f4 Rxf5 41. Kf3 g4+ $2 {[%emt 0:01:19][%mdl 8192] White leaves nothing to chance now.} 42. Kxg4 $18 Rxh5 43. Kxh5 {[%emt 0:00:04][%mdl 4096] Endgame KRB-KRB} f5 44. Kg6 {[%emt 0:00:31][%cal Og3h4] Strongly threatening Bh4!.} c4 (44... d3 $142) 45. Bh4 d3 46. cxd3 Bxb2 47. dxc4 {[%emt 0:00:03] White mates.} bxc4 48. e7 Bxa3 49. Rd1 ({Worse is} 49. Kxf5 Kf7 $11) 49... Bxe7 50. Bxe7 {[%emt 0:00:08] KRB-KR} Rc8 51. Bf6 Kf8 52. Rh1 Ke8 53. Rh8+ Kd7 54. Rxc8 Kxc8 55. Bc3 Kd7 56. Kxf5 {[%emt 0:00:06] Weighted Error Value: White=0.09 (flawless) /Black=0.40  Loses game:     	---       	Black=1      Mistake:       	White=2     	Black=1      Inaccurate:     	White=1     	Black=3      OK:         	White=17    	Black=14     Best:        	White=3     	Black=2} 1-0

[Event "FIDE World School-ch O-17 2025"]
[Site "Vrnjacka Banja"]
[Date "2025.03.24"]
[Round "5.4"]
[White "Orgilon Batsaikhan"]
[Black "Andjelkovic, Aleksandar M"]
[Result "1-0"]
[Annotator "TA"]
[ECO "B47"]
[WhiteElo "2024"]
[BlackElo "1930"]
[PlyCount "111"]
[EventDate "2025.03.19"]
[EventType "swiss"]
[EventCountry "SRB"]
[SourceTitle "playchess.com"]
[Source "ChessBase"]
[SourceQuality "1"]
[TimeControl "5400+30"]

1. e4 c5 2. Nf3 e6 3. d4 cxd4 4. Nxd4 Nc6 5. Nc3 Qc7 6. f4 a6 7. Nxc6 (7. a3 $14) 7... bxc6 $11 {[%emt 0:00:48] B47: Sicilian: Taimanov: 5 Nc3 Qc7 6 f4, 6 g3 and 6 Be2.} 8. Bd3 d5 9. O-O Bc5+ {[%emt 0:09:13] White has an edge.} 10. Kh1 Ne7 11. Na4 $146 ({Predecessor:} 11. b3 O-O 12. Bb2 Bd6 13. Qg4 f5 14. exf5 exf5 15. Qg3 Ng6 16. Ne2 c5 17. h4 {0-1 Veiga,J (2377)-Ferreira,H (2104) POR-ch Blitz 2022 (8)}) 11... Ba7 12. c4 dxc4 13. Bxc4 O-O 14. Qe2 $36 {[%emt 0:02:31][%cal Oc1e3][%mdl 2048] White has some pressure. White is more active.} Bd4 15. Be3 $1 c5 16. Rac1 Qa5 17. Bb3 Bd7 $1 18. Nxc5 Bb5 19. Nd3 Bxb2 20. Qxb2 $18 Bxd3 21. Rfe1 Rac8 (21... Bxe4 $2 22. Bc5 $18 (22. Bd4 Qf5 $14)) (21... Rfc8 $142) 22. Bd4 (22. Bd2 $16 Qb5 23. Bc3) 22... Rfd8 (22... Rxc1 $11 {remains equal.} 23. Rxc1 Bxe4) 23. Bxg7 ({White has to play} 23. Bc3 $1 Qb5 24. f5 (24. Bxg7 Rxc1 25. Rxc1 Bxe4 $16)) 23... Rxc1 $16 24. Rxc1 Bxe4 25. Bc3 {[%emt 0:02:10] Prevents Rd2. This pair of bishops is nice.} Qb6 26. Qe2 {[%emt 0:03:20] Prevents Qe3.} (26. Re1 $16 Bd5 27. Bf6) 26... Qc6 $14 27. Bb2 {[%emt 0:02:52] [#]} (27. Qg4+ $14 Ng6 28. f5 exf5 29. Qg5) 27... Bxg2+ $1 $11 28. Kg1 $1 Qe4 (28... Bf3 $2 29. Qe5 Qb6+ 30. Rc5 $18) 29. Qxe4 Bxe4 30. Bf6 Rc8 31. Rxc8+ Nxc8 {[%emt 0:00:00][%mdl 4096] Endgame KBB-KBN. Black is a pawn up.} 32. Kf2 Nb6 33. Bd8 Nd7 34. Ke3 Bb7 35. Kd4 Kg7 36. a4 Bc6 37. Bc2 Nf6 38. Kc5 Bd7 $2 {[%emt 0:01:00][%mdl 8192] [#] White leaves nothing to chance now.} (38... Be8 $1 $11 {and Black has nothing to worry.}) 39. Kd6 $1 $18 (39. Kb6 Nd5+ 40. Ka5 f5 $11) 39... Be8 $2 (39... Bxa4 40. Bxa4 Ng4) 40. Bxf6+ Kxf6 {[%emt 0:00:04] KB-KB. Black is a pawn up.} 41. a5 $1 Bb5 {[%emt 0:01:17] Against Bd3} 42. Bxh7 Be2 43. Be4 $2 (43. Bc2 Bb5 44. h4) 43... Bf1 $2 (43... Kg7 {is tougher.} 44. Ke7 Bc4) 44. h4 Be2 45. Bc2 Kg7 {[%emt 0:00:14] [#]} (45... Bc4 $142 46. h5 Kg7) 46. Ke7 $1 Bc4 47. Bd1 {[%emt 0:03:46] Inhibits Be2.} Kg6 {[%emt 0:00:22] Inhibits Bh5+.} (47... f6 48. Kd6 Kg6) 48. h5+ Kg7 49. Bf3 (49. Bg4 $142 {and Bd1 would now be decisive} Kh6 50. Kf6 (50. Kxf7 e5+ 51. Ke7 exf4 $11)) 49... f5 $2 (49... Bd3 50. h6+ Kg6) 50. Bd1 Bd5 (50... Kh7 $142 51. Kd6 Kh6) 51. Be2 Kh6 52. Kf6 Bb3 53. Bxa6 Kxh5 54. Bb7 {[%emt 0:00:03] Intending a6 and mate.} Bd5 55. a6 Kg4 56. Ke5 {[%emt 0:00:05] Weighted Error Value: White=0.19 (very precise) /Black=1.10  Loses game:     	---       	Black=1      Mistake:       	White=5     	Black=9      Inaccurate:     	---       	Black=4      OK:         	White=15    	Black=13     Best:        	White=5     	Black=5      Strong:       	White=5     	Black=1      Brilliant:      	---       	Black=1} (56. Bxd5 $142 exd5 57. Ke5 (57. a7 Kxf4 58. a8=Q Ke4 59. Qe8+ Kd4 60. Kxf5 Kc4 61. Ke5 d4 62. Qa4+ Kd3) 57... Kf3 58. a7 (58. Kxd5 Kg4 59. a7 Kxf4 60. a8=Q Kg3 61. Qa3+ Kg2 62. Ke5 Kg1 63. Qe3+ Kg2) 58... Ke3 59. a8=Q (59. a8=B d4 $18) 59... d4 60. Qa7 (60. Kxf5 Kd3 61. Qc6 Ke2 62. Qe4+ Kd2 63. Qxd4+ Kc2 64. Ke4 Kb3 65. Kd3 Ka2 66. Kc3 Kb1 67. Qb6+ Kc1 68. Qg1#) 60... Kf3 61. Qa3+ (61. Qxd4 Kg2 62. Qd2+ Kg3 63. Kxf5 Kh3 64. Qe2 Kg3 65. Ke4 Kh4 66. Qg2 Kh5 67. Qg5#) 61... Kf2 62. Kxd4 (62. Qd3 Kg2 63. Kxf5 Kf2 64. Kg5 Kg1 65. Kg4 Kh2 66. Qd2+ Kh1 67. Kg3 Kg1 68. Qg2#)) 1-0

[Event "FIDE World School-ch O-17 2025"]
[Site "Vrnjacka Banja"]
[Date "2025.03.24"]
[Round "5.5"]
[White "Ljepic, Andrej"]
[Black "Hansana, K V Tharuka"]
[Result "1-0"]
[Annotator "TA"]
[ECO "B10"]
[WhiteElo "2337"]
[BlackElo "1674"]
[PlyCount "51"]
[EventDate "2025.03.19"]
[EventType "swiss"]
[EventCountry "SRB"]
[SourceTitle "playchess.com"]
[Source "ChessBase"]
[SourceQuality "1"]
[TimeControl "5400+30"]

1. e4 c6 2. d3 d5 3. Nd2 d4 4. Ngf3 c5 5. Be2 Nc6 6. O-O {[%emt 0:02:05] B10: Caro-Kann: 2 d3 and 2 c4.} e5 7. Nc4 Qc7 8. a4 {[%emt 0:02:02] The position is equal.} g6 $146 (8... Be6 9. b3 Bxc4 10. bxc4 Nf6 11. Nh4 g6 12. f4 Bg7 13. Rb1 O-O 14. f5 b6 {1-0 Amigo Barbera,F-Espinosa Coll,J Sant Boi op Sant Boi de Llobregat 1997 (6)}) 9. c3 dxc3 (9... f6 $11 {keeps the balance.}) 10. bxc3 $16 {[%emt 0:00:16][%cal Bb2c3,Bc3d4,Bd4d5][%mdl 32] d4 would now be deadly.} Bg7 11. Be3 {[%emt 0:05:00] White is more active.} Qe7 (11... Be6 $16) 12. d4 $18 exd4 13. cxd4 Nh6 {[%emt 0:05:11] [#]} 14. d5 Nd4 15. Nxd4 cxd4 16. Bxd4 O-O 17. Bxg7 Kxg7 18. Qd4+ Kg8 19. a5 Re8 20. Bd3 Bd7 21. Rab1 {[%emt 0:00:23][%cal Ba1b1,Bb1b2,Bb2b5][%mdl 32] Repels Bb5} Bg4 22. f3 Bc8 23. Rb2 g5 24. d6 {[%emt 0:02:28] White is clearly winning.} Qe6 25. Rb5 f6 {[%emt 0:01:13] [#]} 26. Nb6 $1 {[%emt 0:00:19][%mdl 512] Black got outplayed after the opening.   Weighted Error Value: White=0.07 (flawless) /Black=0.63  Loses game:     	---       	Black=1      Mistake:       	---       	Black=1      Inaccurate:     	---       	Black=4      OK:         	White=13    	Black=4} 1-0

[Event "FIDE World School-ch O-17 2025"]
[Site "Vrnjacka Banja"]
[Date "2025.03.24"]
[Round "5.6"]
[White "Taran, Egor A"]
[Black "Zdravkovic, Filip"]
[Result "1-0"]
[Annotator "TA"]
[ECO "B72"]
[WhiteElo "1961"]
[BlackElo "1963"]
[PlyCount "143"]
[EventDate "2025.03.19"]
[EventType "swiss"]
[EventCountry "SRB"]
[SourceTitle "playchess.com"]
[Source "ChessBase"]
[SourceQuality "1"]
[TimeControl "5400+30"]

1. e4 c5 2. Nf3 d6 3. d4 cxd4 4. Nxd4 Nf6 5. Nc3 g6 6. Be3 Nc6 {[%emt 0:01:36] B72: Sicilian Dragon: 6 Be3, lines with h3+Bc4 and sidelines.} 7. f3 {[%emt 0:00:07] Repels Ng4} h5 8. Qd2 Nxd4 {[%emt 0:00:41] White is slightly better.} 9. Bxd4 Bh6 10. Bb5+ Bd7 11. Qe2 O-O {[%emt 0:05:05] [#]} 12. Bxf6 $146 ({Predecessor:} 12. Rd1 Bc6 13. e5 Ne8 14. Bc4 Qa5 15. e6 f5 16. O-O Nc7 17. Rfe1 b5 18. Bb3 {1-0 Vasquez Toledo,C (2274)-Martinez Serna,J (2004) American Continental 18th 2024 (5)}) 12... exf6 13. Bxd7 Qxd7 14. Nd5 Bg7 15. O-O {[%emt 0:01:25][%cal Be1g1,Bg1h1,Bh1g2][%mdl 32] White is more active.} Rfe8 16. Qd3 Rac8 17. c3 Qc6 18. Rad1 {[%emt 0:06:49][%csl Od5] Strong Square White (d5)} Qc5+ 19. Kh1 b5 20. Rfe1 a5 21. a3 Rb8 22. g3 Kh7 23. Kg2 Kg8 24. Re2 Rb7 25. Rdd2 Rd7 26. Qe3 ({White should play} 26. b4 $18 axb4 27. axb4 (27. cxb4 Qc6 $18)) 26... Red8 27. Qf4 a4 (27... Re8 $16) 28. Nxf6+ $18 Bxf6 29. Qxf6 {[%emt 0:00:01] White attacks} Qe5 {[%emt 0:00:23] [#]} 30. Qh4 Re8 31. Qf4 Qc5 (31... Qxf4 $16 {was necessary.} 32. gxf4 Kf8) 32. Qe3 Qc6 33. Rd5 (33. Rd4 $18) 33... Qxd5 $16 34. exd5 Rxe3 35. Rxe3 {[%emt 0:00:03][%mdl 4096] Endgame KR-KR. White is a pawn up.} Kg7 36. Re8 Rb7 {[%emt 0:01:42] Prevents Rb8} (36... Rc7 $142) 37. Rd8 Rb6 (37... Kf6 $16) 38. f4 $18 Kf6 39. Rd7 {[%emt 0:00:44] Prevents Rb7.} Kg7 (39... b4 $142 40. axb4 (40. cxb4 Rb5 $18) 40... Rb5) 40. Kf3 Kf6 41. Ke4 Kg7 42. h3 Kf6 (42... Kf8 $142 43. Kd4 Ke8) 43. g4 hxg4 44. hxg4 Kg7 45. g5 Kf8 46. Kd4 Ke8 47. Rc7 Rb8 48. Ke4 Kf8 49. Rd7 $2 (49. Kd3) 49... Rb6 50. f5 Kg7 51. f6+ Kg8 52. Rd8+ Kh7 53. Rf8 Rb7 54. Kd4 Rc7 55. Rd8 Rc4+ 56. Kd3 Rg4 57. Rxd6 Rxg5 58. Rd7 {[%emt 0:00:06][%cal Od5d6] and d6! should not be overlooked} Kg8 $2 (58... Rf5 59. Rxf7+ Kg8 60. Rg7+ Kf8) 59. Rd8+ Kh7 60. d6 Rd5+ 61. Ke4 Rd2 62. Ke5 Re2+ 63. Kd5 Rd2+ 64. Kc6 g5 65. d7 g4 66. Re8 ({Stronger than} 66. Kxb5 g3 67. Re8 (67. Kxa4 $2 {too greedy.} g2 $19) 67... g2 $14) 66... Kg6 67. d8=Q Rxd8 68. Rxd8 Kxf6 69. Rg8 Kf5 70. Kxb5 {[%emt 0:00:17][%cal Oc3c4] c4! would kill now.} Kf4 71. c4 f5 72. c5 {[%emt 0:00:03] Weighted Error Value: White=0.24 (precise) /Black=0.31  Mistake:       	White=3     	Black=7      Inaccurate:     	White=4     	Black=3      OK:         	White=18    	Black=12     Best:        	White=3     	Black=4      Strong:       	White=1     	---} 1-0

[Event "FIDE World School-ch O-17 2025"]
[Site "Vrnjacka Banja"]
[Date "2025.03.24"]
[Round "5.7"]
[White "Panda, Barnabas"]
[Black "Kanacki, Vuk"]
[Result "1-0"]
[Annotator "TA"]
[ECO "E44"]
[WhiteElo "2147"]
[BlackElo "1956"]
[PlyCount "77"]
[EventDate "2025.03.19"]
[EventType "swiss"]
[EventCountry "SRB"]
[SourceTitle "playchess.com"]
[Source "ChessBase"]
[SourceQuality "1"]
[TimeControl "5400+30"]

1. d4 Nf6 2. c4 e6 3. Nc3 Bb4 4. e3 b6 5. Nge2 Bb7 6. a3 Be7 7. Ng3 c5 {[%emt 0:13:27] E44: Nimzo-Indian: Rubinstein: 4...b6 5 Ne2.} (7... d5 $11) 8. d5 $14 exd5 9. cxd5 d6 {[%emt 0:00:32] White is better.} 10. e4 O-O 11. Bc4 $146 ({Predecessor:} 11. Be2 Ba6 12. Bxa6 Nxa6 13. O-O Re8 14. Re1 Bf8 15. Nf5 Nc7 16. Bg5 h6 17. Bf4 {1-0 Hecht,H (2337)-Wawrinsky,L (1692) Bad Wiessee Seniors op 2012 (1)}) 11... a6 12. a4 Nbd7 13. f4 Re8 14. O-O Bf8 15. Qf3 (15. Re1 $16) 15... g6 16. Bd2 (16. Re1 $16) 16... Bg7 17. Rae1 Qc7 18. Nh1 Re7 19. Nf2 Rae8 20. Qd3 Qc8 {[%emt 0:11:17] [#]} 21. e5 {[%emt 0:00:00] White plays in the center} dxe5 $11 22. Nfe4 {[%emt 0:00:00] and f5 would now be decisive} Qb8 $2 (22... exf4 $11 {and Black has nothing to worry.} 23. Nd6 Qa8) 23. d6 $2 ({Weaker is} 23. Bxa6 Nxe4 24. Rxe4 Nf6 $17) ({White has to play} 23. f5 $18) 23... Re6 24. Bxe6 (24. f5 $142 gxf5 25. Rxf5) 24... Rxe6 25. f5 gxf5 26. Rxf5 Nxe4 27. Nxe4 Bxe4 28. Qxe4 Qxd6 29. Bc3 ({White should try} 29. Be3 $16) 29... Qc6 30. Qxc6 Rxc6 31. Rd1 {[%emt 0:00:00] Prevents Rd6} Rc7 32. Rd6 (32. a5 $16) 32... a5 33. Kf1 {[%emt 0:00:00][%mdl 1024] White has strong compensation.} Kf8 34. Re6 $36 {[%emt 0:00:00][%mdl 2048] White has strong initiative. White has more active pieces.} c4 35. h4 (35. Ke2 $16) 35... Rb7 (35... Rc8 $11) 36. Rc6 $18 {[%emt 0:00:11] White is clearly better.} Nc5 37. Bxe5 Bxe5 38. Rxe5 Nxa4 39. Rb5 {[%emt 0:00:17] Weighted Error Value: White=0.30/Black=0.35  Loses game:     	---       	Black=1      Missed win:     	White=1     	---        Mistake:       	White=7     	Black=2      Inaccurate:     	White=1     	Black=1      OK:         	White=9     	Black=6      Best:        	White=5     	Black=4} (39. Rxc4 Nc5 40. Rh5 f6) 1-0

[Event "FIDE World School-ch O-17 2025"]
[Site "Vrnjacka Banja"]
[Date "2025.03.24"]
[Round "5.8"]
[White "Gusev, Mikhail"]
[Black "Tadic, Stefan M"]
[Result "1-0"]
[Annotator "NA RC"]
[ECO "B76"]
[WhiteElo "2250"]
[BlackElo "1906"]
[PlyCount "65"]
[EventDate "2025.03.19"]
[EventType "swiss"]
[EventCountry "SRB"]
[SourceTitle "playchess.com"]
[Source "ChessBase"]
[SourceQuality "1"]
[TimeControl "5400+30"]

1. e4 c5 2. Nf3 d6 3. d4 cxd4 4. Nxd4 Nf6 5. Nc3 g6 6. Be3 Bg7 7. f3 O-O 8. Qd2 Nc6 9. O-O-O d5 10. Nxc6 bxc6 11. Bh6 Rb8 12. Bxg7 Kxg7 13. exd5 cxd5 14. Nxd5 Nxd5 15. Qxd5 Qc7 16. Bc4 Kg8 17. Bb3 Be6 18. Qd3 Bf5 19. Qc4 Qb6 20. g4 Be6 21. Qd4 Qc6 22. Bxe6 Qxe6 23. b3 Qc6 24. Rhf1 Rfc8 25. Rf2 a5 26. f4 Rb4 27. Qe5 Qb6 28. Rfd2 e6 29. Kb2 Rbc4 30. Qf6 Rf8 31. f5 a4 32. fxe6 fxe6 33. Rd8 1-0